 Dungeon Crawl Stone Soup version 0.30-a0-476-g330ca2eb8e (webtiles) character file.

Game seed: 401079976373528543

663 LnG the Sneak (level 7, 0/38 HPs)
             Began as a Kobold Summoner on Dec 20, 2022.
             Was an Initiate of Dithmenos.
             Killed from afar by an orc wizard (6 damage)
             ... with a puff of flame
             ... on level 6 of the Dungeon on Dec 21, 2022.
             The game lasted 00:17:36 (5324 turns).

LnG the Sneak (Kobold Summoner)                     Turns: 5324, Time: 00:17:39

Health: 0/38       AC:  5    Str:  5    XL:     7   Next: 87%
Magic:  9/12       EV: 16    Int: 18    God:    Dithmenos [......]
Gold:   332        SH:  0    Dex: 16    Spells: 3/12 levels left

rFire   . . .      SeeInvis .    h - +0 short sword
rCold   . . .      Faith    .    (no shield)
rNeg    . . .      Spirit   .    a - +0 robe
rPois   .          Reflect  .    v - +2 helmet
rElec   .          Harm     .    (no cloak)
rCorr   .          Rampage  .    (no gloves)
Will    .....                    (no boots)
Stlth   +++++.....               (no amulet)
HPRegen 0.26/turn                t - ring of flight
MPRegen 0.13/turn                (no ring)

@: flying
A: small, no large weapons, nightstalker 3
a: Renounce Religion


You were on level 6 of the Dungeon.
You worshipped Dithmenos.
Dithmenos was noncommittal.
You visited 2 branches of the dungeon, and saw 7 of its levels.

You collected 332 gold pieces.

Inventory:

Hand Weapons
 h - a +0 short sword (weapon)
Armour
 a - a +0 robe (worn)
 v - a +2 helmet (worn)
Jewellery
 t - a ring of flight (left hand)
Wands
 w - a wand of roots (8)
 x - a wand of flame (18)
Scrolls
 d - a scroll of butterflies
 f - 3 scrolls of teleportation
 m - 3 scrolls of amnesia
 n - a scroll of enchant armour
 o - a scroll of fear
 p - 2 scrolls of enchant weapon {unknown}
 q - 2 scrolls of poison {unknown}
 s - a scroll of magic mapping {unknown}
 u - a scroll of immolation {unknown}
Potions
 b - 2 potions of magic
 c - 5 potions of curing
 e - a potion of cancellation {unknown}
 g - 3 potions of attraction {unknown}
 i - 2 potions of heal wounds {unknown}
 j - 2 potions of might {unknown}
 k - a potion of brilliance {unknown}
 l - 2 potions of degeneration {unknown}
 r - a potion of mutation {unknown}
 z - a potion of lignification {unknown}
 A - a potion of flight {unknown}


   Skills:
 + Level 1.4 Fighting
 + Level 3.4 Short Blades
 * Level 4.9 Dodging
 * Level 7.3 Stealth
 + Level 3.4 Spellcasting
 + Level 0.1 Hexes
 + Level 4.9 Summonings


You had 3 spell levels left.
You knew the following spells:

 Your Spells              Type           Power      Damage    Failure   Level
a - Summon Small Mammal   Summ           80%        N/A       1%          1
b - Call Imp              Summ           20%        N/A       3%          2
c - Call Canine Familiar  Summ           20%        N/A       6%          3
d - Summon Guardian Gole  Hex/Summ       12%        N/A       17%         3

Your spell library contained the following spells:

 Spells                   Type           Power      Damage    Failure   Level
 Ignite Poison            Fire/Tmut/Pois 3%         N/A       43%         3
 Kindle Blastsparks       Fire/Tloc/Air  6%         2d10      43%         3
 Summon Lightning Spire   Summ/Air       12%        N/A       50%         4
 Freezing Cloud           Conj/Ice/Air   1%         6-21      99%         5


Dungeon Overview and Level Annotations

Branches:
Dungeon (6/15)             Temple (1/1) D:5

Altars:
Cheibriados
Dithmenos
Elyvilon
Gozag
Hepliaklqana
Kikubaaqudgha
Okawaru
Qazlal
Trog
Uskayaw
Vehumet
Wu Jian
Xom
Yredelemnul
Zin
The Shining One

Annotations:
D:5 2 transporters, bande's ghost, novice GrFi
D:6 1 runed translucent door, Crazy Yiuf


Innate Abilities, Weirdness & Mutations

You are small and have problems with some larger weapons.
You are completely attuned to the shadows.


Message History

You hit the hound but do no damage.
The hound is almost dead.
The hound completely misses you.
Your crimson imp misses the hound.
Your hound bites the orc but does no damage.
The hound bites you.
You closely miss the hound.
The hound is almost dead.
Your hound barely misses the orc.
The orc barely misses your hound. Something hits you but does no damage.
The orc misses you.
Your crimson imp hits the hound.
The hound bites you.
You barely miss the hound.
The hound is almost dead.
Your hound bites the orc but does no damage.
The orc hits your hound with a +0 short sword.
Something hits you. The hound barely misses you.
The orc hits you from afar with a +0 trident!
* * * LOW HITPOINT WARNING * * *
Your crimson imp blinks!
Your hound bites the orc but does no damage.
You closely miss the hound.
The hound is almost dead.
The hound barely misses you.
Your hound bites the orc but does no damage.
The orc hits your hound with a +0 short sword.
Something hits you but does no damage. The orc closely misses you.
Unknown command.
The hound bites you.
* * * LOW HITPOINT WARNING * * *
The hound barely misses you.
You closely miss the hound.
The hound is almost dead.
Your hound misses the hound. The hound misses you.
Your hound misses the hound.
Your crimson imp blinks!
You hit the hound.
You kill the hound!
Dithmenos accepts your kill.
Your hound bites something.
A puff of flame appears from out of thin air!
The puff of flame hits you.
You die...

~.~≈≈~.......................§§..
≈.~≈≈~...................(.§§....
≈.~≈≈≈.#.....###.##.....##.......
~~≈~...............####........
...........#..##.### #.........
.............##..# #.#.......
........o........#####.#.......
.........ho##..#...............
.(........)#h†@.......<########
...o{.##....##### ...o)....####
.........# .........# ...#####.#
+#


You could see 2 orcs and a friendly hound (summoned).

Vanquished Creatures
  3 scorpions
  A jelly (D:4)
  2 hounds
  3 iguanas
  5 adders
  2 ufetubi
  A worm (D:4)
  3 dart slugs
  8 orcs
  4 ball pythons
  3 bats
  6 endoplasms
  3 giant cockroaches
  8 hobgoblins
  8 jackals
  2 quokkas
  2 frilled lizards (D:1)
  8 goblins
  6 kobolds
  2 rats (D:2)
80 creatures vanquished.

Vanquished Creatures (collateral kills)
  A bullfrog (D:6)
  An orc priest (D:3)
  5 gnolls
  A white imp (D:6)
  A worm (D:3)
  3 orcs (D:3)
  An endoplasm (D:1)
  A giant cockroach (D:4)
  A goblin (D:1)
  2 hobgoblins (D:1)
  3 jackals (D:2)
  A kobold (D:3)
  2 ball pythons
  2 bats
  2 frilled lizards (D:1)
  3 rats
30 creatures vanquished.

Vanquished Creatures (others)
  A gnoll (D:6)
1 creature vanquished.

Grand Total: 111 creatures vanquished

Notes
Turn   | Place    | Note
-------+----------+-------------------------------------------
     0 | D:1      | LnG the Kobold Summoner began the quest for the Orb.
     0 | D:1      | Reached XP level 1. HP: 10/10 MP: 3/3
   175 | D:1      | Reached XP level 2. HP: 11/15 MP: 1/5
   178 | D:1      | Learned a level 2 spell: Call Imp
   298 | D:1      | Reached skill level 3 in Stealth
   325 | D:1      | You fall into a shaft and drop 1 floor!
   370 | D:2      | Found a faded altar of an unknown god.
   466 | D:2      | Reached XP level 3. HP: 14/19 MP: 6/6
  1102 | D:1      | Reached XP level 4. HP: 24/24 MP: 7/7
  1106 | D:1      | Learned a level 3 spell: Call Canine Familiar
  1963 | D:3      | Found a glowing golden altar of the Shining One.
  2038 | D:3      | Found a basalt altar of Yredelemnul.
  2038 | D:3      | Found an opulent altar of Gozag.
  2116 | D:3      | Found an iron altar of Okawaru.
  2138 | D:3      | Reached skill level 1 in Short Blades
  2145 | D:3      | Upgraded the game from 0.30-a0-475-g03497ec522 to
                  | 0.30-a0-476-g330ca2eb8e
  2231 | D:3      | Reached skill level 4 in Stealth
  2231 | D:3      | Reached XP level 5. HP: 26/28 MP: 4/9
  2235 | D:3      | Learned a level 3 spell: Summon Guardian Golem
  2809 | D:4      | Reached skill level 1 in Fighting
  2809 | D:4      | Reached skill level 5 in Stealth
  2809 | D:4      | Reached XP level 6. HP: 28/34 MP: 4/10
  3589 | D:5      | Entered Level 5 of the Dungeon
  3778 | D:5      | Reached skill level 6 in Stealth
  3822 | D:5      | Found a radiant altar of Vehumet.
  4129 | D:5      | Reached XP level 7. HP: 36/38 MP: 11/11
  4352 | D:5      | Identified the +5 whip "Backazu" {vorpal, rF- rCorr Int+4}
  4371 | D:5      | Found a staircase to the Ecumenical Temple.
  4388 | Temple   | Entered the Ecumenical Temple
  4402 | Temple   | Became a worshipper of Dithmenos the Shadowed
  4530 | D:5      | Found a transporter.
  4532 | D:5      | Noticed bande's ghost (novice GrFi)
  4533 | D:5      | Found a transporter.
  5070 | D:6      | Reached skill level 7 in Stealth
  5218 | D:6      | Found a runed translucent door.
  5221 | D:6      | Noticed Crazy Yiuf
  5244 | D:6      | Found a stormy altar of Qazlal.
  5324 | D:6      | Killed from afar by an orc wizard

Illustrated notes

Levels and vault maps discovered:
D:1:      scummos_arrival_checkerplants, layout_loops_cross
D:2:      layout_loops_ring, basic_ecumenical_altar,
          chequers_serial_rivers_room_b
D:3:      layout_loops_ring, tso_altar, nicolae_overflow_two_pavilions,
          mainiacjoe_overflow_small_starburst
D:4:      layout_basic, chequers_serial_rivers_small_a,
          kennysheep_generic_room_3
D:5:      layout_basic, vehumet_altar_wand_db,
          minmay_temple_entry_statues_pillars, gammafunk_ghost_smash
D:6:      layout_rooms, mainiacjoe_overflow_concentric_impassable,
          ashenzari_conservatory_becter, nemelex_spade_bored_becter,
          minivault_14, uniq_crazy_yiuf_cottage, uniq_edmund
Temple:   hellmonk_temple_rainy

Skill      XL: |  1  2  3  4  5  6  7 |
---------------+----------------------+-----
Stealth        | 3 4 5 6 7 |  7.3
Dodging        | 3 4 |  4.9
Short Blades   | 1 2 3 |  3.4
Fighting       | 1 |  1.4
Spellcasting   | 3 |  3.4
Hexes          | |  0.1
Summonings     | |  4.9

Action                   |  1- 3 |  4- 6 |  7- 9 || total
-------------------------+-------+-------+-------++-------
Melee: Unarmed           |    17 |       |       ||    17
       Short sword       |    46 |   209 |    73 ||   328
       Punch             |       |     3 |     1 ||     4
 Cast: Summon Small Mamm |    13 |     1 |     1 ||    15
       Call Imp          |     1 |     3 |     2 ||     6
       Call Canine Famil |       |    11 |     4 ||    15
       Summon Guardian G |       |       |     1 ||     1
  Use: Potion            |     1 |       |       ||     1
       Scroll            |       |       |     5 ||     5
 Stab: Sleeping          |     4 |    26 |     3 ||    33
       Distracted        |       |     2 |     3 ||     5
Armor: Robe              |     9 |    26 |    23 ||    58
Dodge: Dodged            |    57 |   175 |    70 ||   302

Table legend: (Time is in decaauts)
 A = Elapsed time spent in this place.
 B = Non-inter-level travel time spent in this place.
 C = Inter-level travel time spent in this place.
 D = Time resting spent in this place.
 E = Time spent auto-exploring this place.
 F = Levels seen in this place.
 G = Mean time per level.
                   A        B        C        D        E       F      G
               +--------+--------+--------+--------+--------+-----+--------+
         Total |   5298 |   5153 |    145 |    206 |   4068 |   7 |  756.9 |
       Dungeon |   5270 |   5134 |    136 |    206 |   4061 |   6 |  878.3 |
        Temple |     28 |     19 |      9 |      0 |      7 |   1 |   28.0 |
               +--------+--------+--------+--------+--------+-----+--------+

Top non-repeatable levels by time:
     D:5: 1302 daAuts
     D:3: 1024 daAuts
     D:1: 896 daAuts
     D:2: 831 daAuts
     D:4: 827 daAuts
     D:6: 388 daAuts
  Temple: 28 daAuts
